 Dungeon Crawl Stone Soup version 0.27.0-1-g7a089689b8 (webtiles) character file.

Game seed: 3340198483625058041

334 Anothat the Covered (level 6, -1/39 HPs)
             Began as a Gargoyle Fighter on July 31, 2021.
             Was an Initiate of Hepliaklqana.
             Slain by an ogre (10 damage)
             ... on level 4 of the Dungeon.
             The game lasted 00:05:04 (4126 turns).

Anothat the Covered (Gargoyle Fighter)              Turns: 4126, Time: 00:05:04

Health: -1/39      AC: 11    Str: 22    XL:     6   Next: 53%
Magic:  6/6        EV:  7    Int:  8    God:    Hepliaklqana [......]
Gold:   76         SH: 10    Dex:  9    Spells: 5/5 levels left

rFire    . . .     SeeInvis .   a - +0 flail
rCold    . . .     Faith    .   c - +1 kite shield
rNeg     + . .     Spirit   .   b - +0 scale mail
rPois    ∞         Reflect  .   (no helmet)
rElec    +         Harm     .   (no cloak)
rCorr    .         Rampage  .   (no gloves)
Will     .....                  (no boots)
Stlth    ..........             (no amulet)
HPRegen  0.13/turn              (no ring)
MPRegen  0.10/turn              (no ring)

@: no status effects
A: sickness immunity, AC +4, negative energy resistance 1, electricity
resistance, torment resistance 1, petrification resistance
a: Renounce Religion


You were on level 4 of the Dungeon.
You worshipped Hepliaklqana.
Hepliaklqana was noncommittal.
You visited 1 branch of the dungeon, and saw 4 of its levels.

You collected 76 gold pieces.

Inventory:

Hand Weapons
 a - a +0 flail (weapon)
Armour
 b - a +0 scale mail (worn)
 c - a +1 kite shield (worn)
Wands
 d - a wand of polymorph (8)
 l - a wand of flame (7) (quivered)
Scrolls
 e - a scroll of noise {unknown}
 g - a scroll of identify
 h - 3 scrolls of amnesia
Potions
 f - a potion of mutation {unknown}
 i - 2 potions of lignification
 k - a potion of brilliance {unknown}


   Skills:
 + Level 4.5 Fighting
 * Level 4.4 Maces & Flails
 + Level 4.5 Armour
 + Level 4.5 Shields


You had 5 spell levels left.
You didn't know any spells.
Your spell library contained the following spells:

 Spells                   Type           Power      Damage    Failure   Level
 Petrify                  Tmut/Erth      0%         N/A       100%        4
 Irradiate                Conj/Tmut      0%         3d13      100%        5
 Sublimation of Blood     Necr           Unusable   N/A       N/A         2

Dungeon Overview and Level Annotations

Branches:
Dungeon (4/15)
 Temple: D:4-7

Altars:
Hepliaklqana
Nemelex Xobeh
Yredelemnul

Shops:
D:4 (


Innate Abilities, Weirdness & Mutations

You are immune to sickness and miasma.
Your stone body is resilient. (AC +4)
You are immune to poison.
You resist negative energy. (rN+)
You are resistant to electric shocks. (rElec)
You are resistant to unholy torment.
You are immune to petrification.


Message History

You closely miss the adder.
The jackal bites you but does no damage.
You block the adder's attack. You block the jackal's attack.
The adder barely misses you.
You barely miss the adder. You block the jackal's attack.
The adder completely misses you.
The jackal bites you but does no damage.
You block the adder's attack.
You barely miss the adder. The jackal barely misses you.
The adder bites you but does no damage. You block the jackal's attack.
You closely miss the adder. You block the adder's attack.
The jackal closely misses you. The adder barely misses you.
The jackal closely misses you.
You thump the jackal!
You kill the jackal!
The adder bites you but does no damage. You block the adder's attack.
You block the adder's attack.
You see here a jackal corpse.
You closely miss the adder. The adder bites you but does no damage.
You block the adder's attack.
You thump the adder!
You kill the adder!
Things that are here:
an adder corpse; a jackal corpse
Things that are here:
a +0 dagger of venom; a goblin corpse You see here a jackal corpse.
An ogre comes into view. It is wielding a +0 giant club.
The ogre shouts!
You see here a scroll labelled SYEHIOCLIH.
The ogre hits you with a +0 giant club!
You are too injured to fight recklessly!
You barely miss the ogre. The ogre hits you with a +0 giant club!
* * * LOW HITPOINT WARNING * * *
Okay, then.
You barely miss the ogre. The ogre closely misses you.
You sock the ogre!
The ogre is moderately wounded.
The ogre hits you with a +0 giant club!
You die...

#... #...................
#...####........>.........§
##.#!..†..[..............≈(≈
.......)†................≈§§
.............##..........≈§§
.##..........##....#......§§
#..........##....#...#._..
............##..###...#...≈
........#.?@O...# #.....§≈≈
#................##......≈..
..####.....###...........≈.§
#....### #..............
#.... .....#....... #...##
.....#....... ....
.#......#...... ##. ..
...#....#......
..##..#.#....#....


You could see an ogre.

Vanquished Creatures
  A scorpion (D:4)
  An orc priest (D:3)
  Jessica (D:2)
  A bullfrog skeleton (D:4)
  Ijyb (D:4)
  3 adders
  7 gnolls
  An adder skeleton (D:4)
  3 orcs (D:3)
  7 ball pythons
  6 endoplasms
  A giant cockroach (D:3)
  5 goblins
  8 hobgoblins
  9 jackals
  3 quokkas
  3 bats
  4 frilled lizards
  3 kobolds
  6 rats
74 creatures vanquished.

Notes
Turn   | Place    | Note
-------+----------+-------------------------------------------
     0 | D:1      | Anothat the Gargoyle Fighter began the quest for the Orb.
     0 | D:1      | Reached XP level 1. HP: 14/14 MP: 1/1
   301 | D:1      | Reached XP level 2. HP: 19/19 MP: 2/2
  1462 | D:2      | Reached XP level 3. HP: 18/23 MP: 3/3
  1698 | D:2      | Noticed Jessica
  1733 | D:2      | Killed Jessica
  1971 | D:2      | Reached XP level 4. HP: 29/29 MP: 4/4
  2874 | D:3      | Reached XP level 5. HP: 31/33 MP: 5/5
  3327 | D:3      | Found a basalt altar of Yredelemnul.
  3735 | D:4      | Found Sotisuck's Weapon Shoppe.
  3735 | D:4      | Noticed Ijyb
  3749 | D:4      | Killed Ijyb
  3764 | D:4      | Reached XP level 6. HP: 33/39 MP: 6/6
  3829 | D:4      | Found a sparkling altar of Nemelex Xobeh.
  4027 | D:4      | Found a hazy altar of Hepliaklqana.
  4070 | D:4      | Became a worshipper of Hepliaklqana the Forgotten
  4078 | D:4      | Noticed a sky beast
  4126 | D:4      | Slain by an ogre

Illustrated notes

Levels and vault maps discovered:
D:1:      onia_arrival_pyramid, layout_loops_ring, minmay_door_square
D:2:      layout_basic, uniq_jessica
D:3:      layout_basic, general_overflow_altar
D:4:      layout_cave_pools, old_standard_altar,
          mainiacjoe_overflow_large_starburst, minmay_temple_entry_from_below_b,
          serial_shops, nicolae_shop_trees, uniq_ijyb

Skill      XL: |  1  2  3  4  5 |
---------------+----------------+-----
Maces & Flails | 3 4 |  4.4
Armour         | 4 |  4.5
Fighting       | 4 |  4.5
Shields        | 4 |  4.5

Action                   |  1- 3 |  4- 6 || total
-------------------------+-------+-------++-------
Melee: Flail             |   107 |   175 ||   282
       Unarmed           |       |     6 ||     6
Evoke: Wand              |       |     9 ||     9
  Use: Potion            |     2 |     4 ||     6
       Scroll            |       |     4 ||     4
Armor: Scale mail        |    99 |    90 ||   189
       Skin              |       |    10 ||    10
Dodge: Dodged            |    52 |    94 ||   146
Block: Kite shield       |    71 |   120 ||   191
